Cogmind - Beta 13 @@@ ROGUE MODE // 2024.04.02 @ 15:04:59 Player: DrFumblesMcStupid Result: Destroyed by D-53 Grenadier with Mini Grenade Launcher Performance ------------- Evolutions (0) 0 Regions Visited (2) 400 Robots Destroyed (12) 60 Value Destroyed (284) 284 Prototype IDs (0) 0 Alien Tech Used (0) 0 Bonus (0) 0 TOTAL SCORE: 744 Bonus ------- None Cogmind --------- Core Integrity 0/250 Matter 280/300 Energy 56/100 System Corruption 0% Temperature Cool (0) Movement Walking (120) Location -10/Mines Parts ------- > --- POWER (1) -------- (None) > --- PROPULSION (2) --- Aluminum Leg > --- UTILITY (2) ------ Improved Heat Sink > --- WEAPON (2) ------- Light Cannon > --- INVENTORY (5) ---- Ion Engine Light Treads Small Laser Peak State ------------ > --- POWER ------------ Light Nuclear Core > --- PROPULSION ------- Improved Aluminum Leg Improved Aluminum Leg > --- UTILITY ---------- Improved Heat Sink Sensor Array > --- WEAPON ----------- Beam Cannon Light Assault Rifle > --- INVENTORY -------- Light Ion Engine Flight Unit Large Battery Field Recycling Unit [Rating: 13] Favorites ----------- Power Light Ion Engine Engine Light Ion Engine Power Core Light Nuclear Core Propulsion Improved Aluminum Leg Leg Improved Aluminum Leg Wheel Wheel Utility Sensor Array Device Sensor Array Storage High-capacity Storage Unit Weapon Light Assault Rifle Energy Gun EM Shotgun Energy Cannon Beam Cannon Ballistic Gun Light Assault Rifle Build | -11 -10 -10 ------- Run | Yrd Mat Min Slots Evolved . | . . . Power . | . . . Propulsion . | . . . Utility . | . . . Weapon . | . . . Parts Attached 22 | 7 13 2 Power 2 | 1 1 . Engine 1 | 1 . . Core 1 | . 1 . Reactor . | . . . Propulsion 10 | 4 5 1 Treads . | . . . Leg 6 | . 5 1 Wheel 4 | 4 . . Hover . | . . . Flight . | . . . Utility 4 | . 4 . Device 3 | . 3 . Storage 1 | . 1 . Processor . | . . . Hackware . | . . . Protection . | . . . Artifact . | . . . Weapon 6 | 2 3 1 Energy Gun 1 | . 1 . Energy Cannon 1 | . 1 . Ballistic Gun 3 | 2 1 . Ballistic Cannon 1 | . . 1 Launcher . | . . . Special Weapon . | . . . Impact Weapon . | . . . Slashing Weapon . | . . . Piercing Weapon . | . . . Special Melee Weapon . | . . . Unidentified Prototypes . | . . . Parts Lost 7 | . 1 6 Power 1 | . . 1 Propulsion 2 | . . 2 Utility 1 | . . 1 Weapon 3 | . 1 2 Highest Loss Streak 6 | . 1 6 To Critical Strikes . | . . . Average Slot Usage (%) 95 | . 94 97 Engine 6 | . 7 . Core 7 | . 6 13 Leg 24 | . 23 28 Wheel 3 | . 3 . Device 24 | . 24 27 Energy Gun 5 | . 6 . Energy Cannon 7 | . 6 14 Ballistic Gun 13 | . 14 13 Naked Turns . | . . . Heaviest Build 55 | 6 55 11 Greatest Support 26 | 20 26 20 Greatest Overweight (x) 4 | 1 4 . Average Overweight (x) . | . . . Largest Inventory Capacity 20 | 5 20 5 Average Capacity 5 | 5 5 5 Most Carried 5 | 5 5 5 Average Carried 3 | 3 3 4 Final Capacity 5 | 5 5 5 Final Carried 5 | 4 5 3 Class Distribution -------------------- 62% | Mutant 37% | Scavenger-Mutant Dominant Class ---------------- Mutant | -10/Materials Scavenger-Mutant | -10/Mines Resources | -11 -10 -10 ----------- Run | Yrd Mat Min Matter Collected 440 | 254 186 . Remotely . | . . . Salvage Created 348 | 34 314 . Parts 33 | 1 32 . Haulers Intercepted . | . . . Recyclers Shooed . | . . . Parts Field Recycled 2 | . 2 . Retrieved Matter 16 | . 16 . Parts Self-Destructed . | . . . Prevented . | . . . Kills | -11 -10 -10 ------- Run | Yrd Mat Min Combat Hostiles Destroyed 9 | 1 8 . Guns 7 | 1 6 . Cannons 1 | . 1 . Classes Destroyed 4 | 1 3 . Builder 1 | . 1 . Watcher 2 | . 2 . Swarmer 3 | . 3 . Grunt 6 | 1 5 . Best Kill Streak 3 | 1 3 . Combat Bots Only 3 | 1 3 . Max Kills in Single Turn 3 | 1 3 . Gunslinging 1 | . 1 . Exploded . | . . . Melee . | . . . Uniques/NPCs Destroyed . | . . . Combat | -11 -10 -10 -------- Run | Yrd Mat Min Hostile Shots Fired 92 | 6 71 15 Missed 30 | . 28 2 Damage Taken 1085 | 67 469 549 Core 272 | 11 43 218 Absorbed by Shields . | . . . Core Remaining (%) 95 | 95 . . Volleys Fired 43 | 4 36 3 Largest 2 | 2 2 2 Hottest 80 | 40 80 80 Shots Fired 66 | 8 54 4 Gun 54 | 8 45 1 Cannon 12 | . 9 3 Launcher . | . . . Special . | . . . Kinetic 42 | 8 33 1 Thermal 12 | . 9 3 Explosive . | . . . Electromagnetic 12 | . 12 . Robot Hit Streak 5 | 2 5 1 Robot Miss Streak 6 | 2 6 3 Penetration Max . | . . . Secondary Targets 1 | . 1 . Max Gunslinging Chain 1 | . 1 . Shots Hit Robots 38 | 4 33 1 Core Hits 22 | 2 19 1 Critical Kills 1 | . 1 . Critical Parts Destroyed . | . . . Critical Strikes 1 | . 1 . Meltdown 1 | . 1 . Melee Attacks . | . . . Impact . | . . . Slashing . | . . . Piercing . | . . . Sneak Attacks . | . . . Combat Hostiles . | . . . Follow-up Attacks . | . . . Damage Inflicted 425 | 48 359 18 Guns 334 | 48 286 . Cannons 70 | . 52 18 Explosions . | . . . Melee . | . . . Ramming 21 | . 21 . Kinetic 206 | 48 158 . Thermal 70 | . 52 18 Explosive . | . . . Electromagnetic 128 | . 128 . Impact . | . . . Slashing . | . . . Piercing . | . . . Highest Corruption . | . . . Average Corruption . | . . . Corruption Purged . | . . . Corruption Blocked . | . . . Overload Shots . | . . . Overflow Damage . | . . . Projectiles . | . . . Explosions . | . . . Melee . | . . . Knockbacks . | . . . Impact . | . . . Kinetic . | . . . Secondary . | . . . Self-Inflicted Damage . | . . . Shots . | . . . Rammed . | . . . Targets Rammed 3 | . 3 . Kicked 3 | . 3 . Crushed . | . . . Highest Temperature 33 | 6 33 16 Average Temperature 13 | 6 13 12 Received Heat Transfer 231 | 36 195 . Siege Activations . | . . . Robots Corrupted . | . . . Combat Hostiles . | . . . Parts Fried . | . . . Impact Corruptions . | . . . Robots Melted 1 | . 1 . Combat Hostiles 1 | . 1 . Parts Melted 2 | . 2 . Heat Transferred 148 | . 111 37 Parts Sabotaged . | . . . Parts Stolen . | . . . Parts Stripped . | . . . Power Chain Reactions . | . . . Alert | -11 -10 -10 ------- Run | Yrd Mat Min Peak Influence 115 | 20 115 5 Initial 5 | . . 5 Average 33 | 13 48 4 Maximum Alert Level . | . . . Low Security (%) 100 | 100 100 100 Level 1 . | . . . Level 2 . | . . . Level 3 . | . . . Level 4 . | . . . Level 5 . | . . . High Security . | . . . Max Security . | . . . Squads Dispatched 2 | . 2 . Investigation 2 | . 2 . Extermination . | . . . Reinforcement . | . . . Assault . | . . . Garrison . | . . . Intercept . | . . . Searches Triggered . | . . . Construction Impeded . | . . . Haulers Reinforced . | . . . Active Scanning Responses . | . . . Cargo Convoy Interrupts . | . . . Stealth | -11 -10 -10 --------- Run | Yrd Mat Min Distress Signals 1 | . . 1 Communications Jammed . | . . . Distress Signals . | . . . Times Spotted 17 | 1 14 2 Peak Tracking Total 4 | 1 4 2 Tactical Retreats . | . . . Traps | -11 -10 -10 ------- Run | Yrd Mat Min Traps Triggered 1 | . 1 . Indirectly . | . . . Trap Hack Attempts . | . . . Triggered . | . . . Disarmed . | . . . Reprogrammed . | . . . Reused . | . . . Traps Extracted . | . . . Installed . | . . . Triggered . | . . . Machines | -11 -10 -10 ---------- Run | Yrd Mat Min Machines Disabled . | . . . Max in Single Turn . | . . . Machines Repaired . | . . . Machines Dismantled . | . . . Machines Sabotaged . | . . . Overloaded Fab Kills . | . . . Hacking | -11 -10 -10 --------- Run | Yrd Mat Min Machines Accessed 1 | . 1 . Terminals 1 | . 1 . Fabricators . | . . . Repair Stations . | . . . Recycling Units . | . . . Scanalyzers . | . . . Garrison Access . | . . . Total Hacks 3 | . 3 . Successful 2 | . 2 . Failed 1 | . 1 . Catastrophic . | . . . Database Lockouts . | . . . Manual . | . . . Terminals 3 | . 3 . Fabricators . | . . . Repair Stations . | . . . Recycling Units . | . . . Scanalyzers . | . . . Garrison Access . | . . . Terminal Hacks 2 | . 2 . Record 2 | . 2 . Fabricator Hacks . | . . . Repair Station Hacks . | . . . Recycling Unit Hacks . | . . . Scanalyzer . | . . . Garrison Access Hacks . | . . . Unauthorized Hacks . | . . . Terminals . | . . . Fabricators . | . . . Repair Stations . | . . . Recycling Units . | . . . Scanalyzers . | . . . Garrison Access . | . . . Data Cores Recovered . | . . . Used . | . . . Hacking Detections 1 | . 1 . Full Trace Events 1 | . 1 . Feedback Events . | . . . Feedback Blocked . | . . . Robot Schematics Acquired . | . . . Robots Built . | . . . Authchips . | . . . Time . | . . . Total Robot Build Rating . | . . . Part Schematics Acquired . | . . . Parts Built . | . . . Authchips . | . . . Time . | . . . Total Part Build Rating . | . . . Parts Repaired . | . . . Time . | . . . Parts Recycled . | . . . Recycled Matter . | . . . Retrieved Matter . | . . . Retrieved Components . | . . . Parts Scanalyzed . | . . . Part Schematics Acquired . | . . . Parts Damaged . | . . . Bothacking | -11 -10 -10 ------------ Run | Yrd Mat Min Used RIF Installer . | . . . Robots Hacked . | . . . Non-combat . | . . . Combat . | . . . Robot Hacks Applied . | . . . Relay Couplers Released . | . . . Fabnet Peak Effective % . | . . . Robots Rewired . | . . . Allies Hacked . | . . . Hacks Repelled . | . . . Allies | -11 -10 -10 -------- Run | Yrd Mat Min Total Allies . | . . . Largest Group . | . . . Highest-Rated Group . | . . . Highest-Rated Ally . | . . . Total Orders . | . . . Ally Attacks . | . . . Total Damage . | . . . Kills . | . . . Allies Corrupted . | . . . Allies Melted . | . . . Intel | -11 -10 -10 ------- Run | Yrd Mat Min Robot Analysis Total . | . . . Derelict Logs Recovered 1 | . . 1 Drone Launches . | . . . Drone Recoveries . | . . . Exploration | -11 -10 -10 ------------- Run | Yrd Mat Min Turns Passed 1544 | 454 940 150 Spaces Moved 925 | 181 628 116 Core 85 | 79 6 . Treads . | . . . Legs 663 | . 547 116 Wheels 177 | 102 75 . Hover . | . . . Flight . | . . . Fastest Speed 50 | 50 80 120 Average Speed 109 | 75 117 120 Slowest Speed 260 | 100 260 120 Overloaded Moves . | . . . Propulsion Burnouts . | . . . Robots Hopped . | . . . Cave-ins Triggered . | . . . Exploration Rate (%) 31 | 13 46 34 Regions Visited 2 Branch Regions 1 Pre-discovered Areas 1 | . . 1 Known Exits Taken . | . . . Unknown Exits Taken 2 | 1 1 . Scrap Searched 1 | . . 1 Spaces Dug . | . . . Terrain Destroyed . | . . . Melee . | . . . Projectile . | . . . AOE . | . . . Terrain Rammed . | . . . Walls Destroyed . | . . . Machines Disabled . | . . . Actions | -11 -10 -10 --------- Run | Yrd Mat Min Total 1403 | 490 789 124 Wait 361 | 290 70 1 Move 923 | 180 627 116 Hop . | . . . Pick Up 28 | 7 20 1 Fast Attach 5 | 2 3 . Attach 17 | 5 10 2 Detach 3 | 2 1 . Swap . | . . . Drop 20 | . 19 1 Fire 43 | 4 36 3 Melee . | . . . Ram . | . . . Kick 3 | . 3 . Crush . | . . . Escape Stasis . | . . . Rewire . | . . . Trap . | . . . Miscellaneous . | . . . Route ------- -11/Scrapyard -10/Materials (discovered 2 exits: [*Mat] / [*Min]) -10/Mines History --------- Turn | Location | Event 2 | -11/Scrapyard | Met Revision 17 82 | -11/Scrapyard | Discovered new exit (range 8) 455 | -11/Scrapyard | Entered Materials 490 | -10/Materials | Build established: Mutant 817 | -10/Materials | Discovered new exit (range 12) 1165 | -10/Materials | Discovered new exit (range 14) 1300 | -10/Materials | Build established: Scavenger-Mutant 1395 | -10/Materials | Entered Mines 1486 | -10/Mines | Assembled infested the area 1513 | -10/Mines | Found a hidden stash of uninstalled traps 1527 | -10/Mines | Learned location of Zion (-7) 1537 | -10/Mines | Core integrity fell below 50% 1540 | -10/Mines | Core integrity fell below 20% 1545 | -10/Mines | Destroyed by D-53 Grenadier with Mini Grenade Launcher Last Messages --------------- Dropped Field Recycling Unit. Acquired Lgt. Cannon. ALERT: Infestation in the mines, dispatching Demolisher response squad. A stash of uninstalled traps is collected here! Acquired derelict log, extracted data. World map updated: -7/Zion. C-30 ARC bursts open, deploying its payload. D-53 Grenadier unfolds itself. Lgt. Nuclear Core destroyed. Sensor Array destroyed. The unstable cave ceiling collapses. Lgt. Assault Rifle destroyed. The unstable cave ceiling collapses. Aluminum Leg destroyed. The unstable cave ceiling collapses. Aluminum Leg destroyed. Beam Cannon destroyed. The unstable cave ceiling collapses. [Achievement: First Step to Greatness] Map ----- +----------------------------------------------------+ | #???????????## #?????# #??????? | | ###???######### ## #??????? | | #?????# #??????? | | #?????# #??????? | | #?????# ##### #??????? | | ###### #???# ## ##??????? | | #???## ##?# #???????? | | ##### #########??? ##???????? | | ?????# #?????? ##????????? | | ##### #??????# #?????????? | | #???# #?????## #?????????? | | ###########???# #????## ##????????? | | ??????????????# #???## #????????? | | ??????????????# #???# #????????? | | ??????????????# #???# #????????? | | ??????????????# #??## #?????????? | | ??????????????# #### & #?????????? | | ??????????????# & #?????????? | | ??????????????# ### & ## ##????????? | | ??????????????# #?## ### ###??????? | | ?????????????## ##### #??????? | | ????????????## # ##?????? | | ???????????## #?????? | | ???????????# # #?????? | | ?????????? d #?????? | | ?????????? ##% d @ #?????? | | ??????????????#?## ##?????? | | ?????????????????## #?????? | | ??????????????????## ##?????? | | ???????????????????### ##??????? | | ?????????????????????# ###???????? | | ?????????????????????# ####?????????? | | ?????????????????????# ?????????????? | | ?????????????????????# ?????????????? | | ?????????????????????# ?????????????? | | ?????????????????????#??????????????? | | ????????????????????????????????????? | | ????????????????????????????????????? | | ????????????????????????????????????? | | ????????????????????????????????????? | | ????????????????????????????????????? | | ????????????????????????????????????? | | ????????????????????????????????????? | | ????????????????????????????????????? | | ????????????????????????????????????? | | ????????????????????????????????????? | | ????????????????????????????????????? | | ????????????????????????????????????? | | ????????????????????????????????????? | | ????????????????????????????????????? | +----------------------------------------------------+ Best States ------------- Heat Dissipation 39 Energy Generation 14 Energy Capacity 160 Matter Stores 300 Matter Capacity 300 Sight Range 16 Robot Scan Range 14 Terrain Scan Density 10 Evasion (%) 55 Item Schematics ----------------- None Robot Schematics ------------------ None Fabricated ------------ Nothing Alien Tech Used ----------------- None Achievements -------------- First Step to Greatness It's Just You One Hack Too Far Storm Trooper Challenges ------------ None Game ------ Seed SmartbombReinforcedBank Manual? 0 Play Time 01:30:58 Cumulative 1.4 hours Start 2024.04.01 @ 22:21:41 End 2024.04.02 @ 15:04:59 Sessions 3 Manual Loads 0 Difficulty Rogue Special Mode None Game No. 1 Rogue 1 Adventurer 0 Explorer 0 Win Type - Total 0 Types 0/0/0/0/0/0/0/0/0 Lore% 0 Gallery% 1 Achievement% 1 Wizard Run 0 Options --------- Layout 1 ASCII 0 Keyboard 0 Movement Arrows Keybinds 0 Fullscreen 1 Font 16/SmallcapsGlow Map View 50x40 Zoom Use 27% Tactical HUD 0 Map Filters NONE Filters NONE Steam SD RUN: 3d9edf88-f6c6-41d2-9452-99e3cccff406